[Event "Elegant Academy GM Aspirant-II"]
[Site "Dhaka"]
[Date "2024.02.23"]
[Round "3.5"]
[White "Setyaki, Azarya Jodi"]
[Black "Mayank Chakraborty"]
[Result "1/2-1/2"]
[ECO "C02"]
[WhiteElo "2400"]
[BlackElo "2409"]
[Annotator "TA"]
[PlyCount "60"]
[EventDate "2024.02.21"]
[EventType "tourn"]
[EventCountry "BAN"]
[SourceTitle "playchess.com"]
[Source "ChessBase"]
[SourceQuality "1"]
[TimeControl "5400+30"]

1. e4 e6 2. d4 d5 3. e5 c5 4. c3 Nc6 5. Nf3 Bd7 6. Be2 Nge7 7. Na3 cxd4 8. cxd4 Nf5 9. Nc2 Be7 10. O-O O-O 11. Bd3 f6 12. Bxf5 exf5 13. Bf4 g5 14. exf6 Bxf6 15. Be5 (15. Bd6 $11 Re8 16. Re1) 15... f4 ({Better is} 15... Be7 $1 $15) 16. Qd2 (16. Bxf6 $11 {should be considered.} Qxf6 17. Ne5) 16... g4 ({Black should play} 16... Be7 $1 $15) 17. Bxf6 $11 Qxf6 18. Ne5 Nxe5 19. dxe5 Qxe5 20. Nb4 Rf5 21. Rfe1 Qd6 22. Rad1 Bc6 23. Qd4 Raf8 24. Nd3 a6 25. g3 Qf6 26. Qxf6 ({Don't play} 26. Nxf4 Qxd4 27. Rxd4 R8f7 $16) 26... R8xf6 27. Nxf4 Kf7 28. Rd4 h5 29. Nd3 Bb5 30. Nf4 (30. Ne5+ $11 Kg7 31. a4) 30... Bc6 {[%emt 0:00:05] Weighted Error Value: White=0.11 (very precise) /Black=0.12 (very precise) .  Mistake:       	White=3     	Black=2      Inaccurate:     	White=1     	Black=1      OK:         	White=10    	Black=8      Best:        	White=2     	Black=1} 1/2-1/2

[Event "Elegant Academy GM Aspirant-II"]
[Site "Dhaka"]
[Date "2024.02.23"]
[Round "4.1"]
[White "Aradhya, Garg"]
[Black "Mayank Chakraborty"]
[Result "1/2-1/2"]
[ECO "D24"]
[WhiteElo "2390"]
[BlackElo "2409"]
[Annotator "TA"]
[PlyCount "98"]
[EventDate "2024.02.21"]
[EventType "tourn"]
[EventCountry "BAN"]
[SourceTitle "playchess.com"]
[Source "ChessBase"]
[SourceQuality "1"]
[TimeControl "5400+30"]

1. d4 Nf6 2. c4 e6 3. Nf3 d5 4. Nc3 dxc4 5. e4 b5 6. e5 {[%emt 0:00:03] D24: Queen's Gambit Accepted: 3 Nf3 Nf6 4 Nc3.} Nfd7 7. Nxb5 Nb6 8. a4 Qd7 9. Bd2 a6 10. Na3 Bxa3 11. Rxa3 a5 12. b3 $146 ({Predecessor:} 12. h4 Nc6 13. h5 h6 14. Rh4 Bb7 15. Qc1 Nb4 16. Rg4 f5 17. exf6 gxf6 18. Bxc4 Nxc4 19. Qxc4 {1-0 Vachier Lagrave,M (2760)-Nepomniachtchi,I (2792) FTX Crypto Cup Prelim rapid 2021 (11)}) 12... cxb3 13. Bb5 c6 14. Bd3 Ba6 15. Qxb3 Bxd3 16. Qxd3 Qd5 17. O-O N8d7 18. Rc1 h6 19. Qc2 O-O 20. Qxc6 Rfc8 21. Qxd5 Rxc1+ 22. Bxc1 Nxd5 23. Bd2 N7b6 24. h4 Nc4 25. Ra1 Rb8 26. Rc1 Nxd2 $1 27. Nxd2 Rb4 28. Rc4 Rb2 29. Ne4 Ra2 (29... Nb6 $11 30. Rc6 Rb1+ 31. Kh2 Rb4) 30. Nd6 g5 31. hxg5 hxg5 32. Ne4 Nb6 33. Rc6 Nd5 34. Rc4 Nb6 35. Rc6 Nd5 36. Nxg5 Rxa4 37. Ra6 Ra1+ 38. Kh2 a4 39. Ra7 (39. Ra8+ $14 Kg7 40. Ra7) 39... a3 $11 40. Nxf7 a2 41. Nh6+ Kf8 42. g4 Nb4 43. g5 Nc6 $1 44. Rf7+ Ke8 45. g6 $1 Rh1+ (45... Nxd4 $2 46. g7 $18 (46. Ra7 Nf3+ 47. Kg3 Nxe5 $11) (46. Ra7 Nf3+ 47. Kg3 Nxe5 $11)) 46. Kxh1 a1=Q+ (46... a1=B 47. g7 Ne7 48. Rxe7+ (48. g8=R+ Nxg8 49. Ra7 Bxd4 $18) 48... Kxe7 49. g8=Q (49. g8=R Bxd4 50. Ng4 Kf7 $18) 49... Kd7 50. Qa8 (50. Qf7+ Kc6 51. Qxe6+ Kb5 52. Qd5+ Kb4 53. e6 Bc3 54. e7 Be1 55. e8=Q Bxf2 56. Qc5+ Kb3 57. Qeb5+ Ka2 58. Qa7#) 50... Bxd4 51. Qb7+ (51. Qa4+ Kc7 52. Qxd4 Kc6 53. Nf7 Kb5 54. Nd6+ Kc6 55. Qc4+ Kb6 56. Qc3 Ka7 57. Qc6 Kb8 58. Qb7#) 51... Ke8 52. Nf7 (52. Qb8+ Kd7 53. Qd6+ Kc8 54. Qxd4 Kb7 55. Nf7 Kc6 56. Nd6 Kd7 57. Qc4 Ke7 58. Qc7+ Kf8 59. Qf7#)) 47. Kg2 Qb1 (47... Nxd4 48. g7 Qa8+ 49. Kh2 Nf3+ 50. Kg3 (50. Rxf3 Qxf3 51. g8=Q+ Ke7 $18) 50... Qa3 51. g8=Q+) 48. g7 Qg6+ 49. Kh2 $2 (49. Kf1 $11 Qb1+ 50. Ke2 (50. Kg2 Qg6+ 51. Kf1 Qb1+ 52. Kg2 $11) 50... Qe4+ (50... Nxd4+ 51. Kd2 $11) 51. Kf1 Qh1+ (51... Nxd4 52. g8=Q#) 52. Ke2 Qe4+ (52... Qxh6 53. g8=Q+) (52... Nxd4+ 53. Kd3 $11) 53. Kf1 Qb1+ (53... Nxd4 54. g8=Q#) (53... Qh1+ 54. Ke2 $11) 54. Ke2 (54. Kg2 Qg6+ 55. Kf1 Qxf7 $17) 54... Qe4+ (54... Nxd4+ 55. Ke3 $11)) 49... Qb1 $4 (49... Qxh6+ {and all is fine.} 50. Kg2 Qg6+ (50... Kxf7 {leads to mate.} 51. d5 Qg6+ 52. Kf1 Qd3+ 53. Kg2 Nxe5 54. dxe6+ Kxg7 55. e7 Qf3+ 56. Kf1 Nd3 57. Kg1 Nf4 58. e8=N+ Kh8 59. Kh2 Qg2#) 51. Kf3 Qd3+ (51... Kxf7 52. Ke3 Kxg7 53. d5 exd5 54. f4 Qe4+ 55. Kd2 d4 56. f5 Nxe5 57. Kc1 Nc4 58. f6+ Kxf6 59. Kd1 d3 60. Kc1 Qh1#) 52. Kf4 Qxd4+ (52... Kxf7 53. g8=B+ Kxg8 54. d5 Nd4 55. dxe6 Qf3+ 56. Kg5 Nxe6+ 57. Kh4 Qf4+ 58. Kh3 Qg5 59. Kh2 Nf4 60. Kh1 Qg2#) 53. Kf3 Kxf7 54. Kg2 Qg4+ (54... Nxe5 {is a self mate.} 55. Kg1 Qg4+ 56. Kf1 Nd3 57. g8=Q+ Kxg8 58. f3 Qxf3+ 59. Kg1 Qg3+ 60. Kh1 Nf2#) (54... Kxg7 55. f4 Qxf4 56. Kh1 Qf3+ 57. Kh2 Nxe5 58. Kg1 Ng6 59. Kh2 Nh4 60. Kg1 Qg2#) 55. Kf1 Nd4 (55... Nxe5 {gets mated.} 56. Ke1 Qf3 57. g8=R Kxg8 58. Kd2 Nc4+ 59. Ke1 Kh7 60. Kf1 Ne3+ 61. Kg1 Qg2#) 56. g8=R Kxg8 (56... Qd1+ 57. Kg2 Qf3+ 58. Kf1 Kxg8 59. Kg1 Ne2+ 60. Kf1 Ng3+ 61. Kg1 Qh1#) 57. f3 Qxf3+ (57... Nxf3 58. Ke2 Qe4+ 59. Kf2 Nxe5 60. Kg1 Qf3 61. Kh2 Ng4+ 62. Kg1 Qg3+ 63. Kh1 Qh2#) 58. Kg1 Ne2+ 59. Kh2 Qg3+ 60. Kh1 Qh3#) 1/2-1/2

[Event "Elegant Academy GM Aspirant-II"]
[Site "Dhaka"]
[Date "2024.02.23"]
[Round "4.2"]
[White "Mohammad Fahad, Rahman"]
[Black "Setyaki, Azarya Jodi"]
[Result "1-0"]
[ECO "C79"]
[WhiteElo "2418"]
[BlackElo "2400"]
[Annotator "TA"]
[PlyCount "75"]
[EventDate "2024.02.21"]
[EventType "tourn"]
[EventCountry "BAN"]
[SourceTitle "playchess.com"]
[Source "ChessBase"]
[SourceQuality "1"]
[TimeControl "5400+30"]

1. e4 e5 2. Nf3 Nc6 3. Bb5 a6 4. Ba4 Nf6 5. O-O d6 6. Bxc6+ bxc6 7. d4 exd4 8. Nxd4 c5 9. Nc6 Qd7 10. Na5 Qa4 11. Bd2 {[%emt 0:00:50] White is slightly better.} Be7 12. Re1 Bg4 13. f3 Be6 14. Kh1 O-O 15. b3 Qd7 16. Nc3 c6 17. Na4 Qc7 {[%emt 0:02:56] Prevents Nb6} 18. Qe2 d5 19. e5 Nd7 20. f4 Bf5 21. c4 f6 {[%emt 0:09:33] Threatens to win with ...fxe5.} 22. e6 (22. cxd5 $5 cxd5 23. Qf3 $11 (23. e6 Nb6 $17)) 22... Nb6 23. Nc3 {[%emt 0:00:00] next g4 is good for White.} Bg6 {[%emt 0:01:21] [#]} (23... dxc4 $1 $11 24. Ne4 Rad8 (24... Bxe6 $2 {too greedy.} 25. Nc3 $18)) 24. Qf3 $1 $36 {[%emt 0:00:00][%mdl 2048] Strongly threatening f5. White has strong initiative. White is more active.} Nc8 (24... f5 $16) 25. f5 $1 $18 Be8 {[%emt 0:01:08] [#]} 26. Ne2 $1 Bd6 27. cxd5 cxd5 28. Qxd5 Rb8 29. h3 Ne7 30. Qf3 Rb5 (30... g6 {might work better.} 31. Nc4 Bc6) 31. Nc4 Bc6 32. Qg4 Be5 33. Rad1 Qb7 (33... Be8 {was called for.} 34. Nxe5 h5) 34. Nf4 {[%emt 0:00:00] White is clearly winning.} Bxf4 35. Bxf4 {[%emt 0:00:00] Bh6 is the strong threat.} h5 36. Qe2 Nxf5 37. e7 Nxe7 38. Nd6 {[%emt 0:00:00] Against Nc8.   Weighted Error Value: White=0.09 (flawless) /Black=0.28 (precise) .  Mistake:       	---       	Black=4      Inaccurate:     	---       	Black=1      OK:         	White=15    	Black=15     Best:        	White=1     	---        Strong:       	White=2     	---} 1-0

[Event "Elegant Academy GM Aspirant-II"]
[Site "Dhaka"]
[Date "2024.02.23"]
[Round "4.3"]
[White "Rahman, Ziaur"]
[Black "Panesar Vedant"]
[Result "1/2-1/2"]
[ECO "D02"]
[WhiteElo "2428"]
[BlackElo "2452"]
[Annotator "RC"]
[PlyCount "119"]
[EventDate "2024.02.21"]
[EventType "tourn"]
[EventCountry "BAN"]
[SourceTitle "playchess.com"]
[Source "ChessBase"]
[SourceQuality "1"]
[TimeControl "5400+30"]

1. Nf3 d5 2. g3 Nd7 3. d4 Nb6 4. Nc3 Bf5 5. Nh4 Bg4 6. h3 Bh5 7. Ng2 e6 8. Nf4 Bg6 9. Bg2 c6 10. Nxg6 hxg6 11. Qd3 Nf6 12. a4 Bb4 13. O-O O-O 14. a5 Nbd7 15. a6 b5 16. e4 Rc8 17. e5 Ne8 18. h4 Be7 19. Ne2 c5 20. c3 Nc7 21. Nf4 b4 22. Bh3 Qe8 23. Kg2 bxc3 24. bxc3 Nb6 25. Rh1 cxd4 26. cxd4 Nc4 27. Bg4 f5 28. Bf3 Qf7 29. Nh3 Qe8 30. Ng5 Bxg5 31. Bxg5 Kf7 32. h5 Rh8 33. g4 Kg8 34. Be2 Rb8 35. Rhb1 Nb6 36. Bd2 Qf7 37. Ba5 Nca8 38. Bb4 gxh5 39. gxh5 Kh7 40. Bd6 Rbc8 41. Rh1 Nc4 42. Bb4 Rb8 43. Bc5 Rhc8 44. Qg3 Nab6 45. Rh3 Nd2 46. Qg6+ Kg8 47. Bd6 Ra8 48. Rg1 Ne4 49. f3 Rc2 50. fxe4 Rxe2+ 51. Kf3 Rxe4 52. h6 Qxg6 53. Rxg6 Rc8 54. Rxg7+ Kh8 55. Bc5 Na4 56. Rxa7 Nxc5 57. dxc5 Rxc5 58. Ra8+ Kh7 59. Ra7+ Kh8 60. Ra8+ 1/2-1/2

[Event "Elegant Academy GM Aspirant-II"]
[Site "Dhaka"]
[Date "2024.02.23"]
[Round "4.4"]
[White "Liyanage, Ranindu Dilshan"]
[Black "Sriram, Jha"]
[Result "1-0"]
[ECO "C60"]
[WhiteElo "2366"]
[BlackElo "2317"]
[Annotator "TA"]
[PlyCount "47"]
[EventDate "2024.02.21"]
[EventType "tourn"]
[EventCountry "BAN"]
[SourceTitle "playchess.com"]
[Source "ChessBase"]
[SourceQuality "1"]
[TimeControl "5400+30"]

1. e4 e5 2. Nf3 Nc6 3. Bb5 Nge7 4. Nc3 Ng6 5. d4 Nxd4 6. Nxd4 exd4 7. Qxd4 c6 8. Be2 {[%emt 0:00:08] White has an edge.} Qb6 9. Qd3 Be7 10. O-O O-O 11. a4 a5 12. Be3 Bc5 13. Bxc5 Qxc5 14. Rad1 Qb4 15. b3 Nf4 16. Qf3 (16. Qe3 $5) 16... Qxc3 17. Qxf4 Qxc2 18. Bc4 b5 19. axb5 {[%emt 0:00:18] White is more active.} cxb5 {[%emt 0:00:01][%mdl 8192] [#] Loses the game.} (19... a4 $16) 20. Bd5 $18 {[%emt 0:00:09] White is clearly winning.} ({Worse is} 20. Bxb5 Qxb3 21. Bxd7 Bxd7 22. Rxd7 a4 $17) 20... Ba6 21. Bxa8 Rxa8 22. Rxd7 Rf8 23. Qd6 Qc8 {[%emt 0:00:05] Inhibits Rd8.} 24. Rd1 {[%emt 0:00:37] Weighted Error Value: White=0.04 (flawless) /Black=0.67.  Loses game:     	---       	Black=1      Inaccurate:     	White=1     	Black=4      OK:         	White=9     	Black=4      Best:        	White=2     	Black=2} 1-0

[Event "Elegant Academy GM Aspirant-II"]
[Site "Dhaka"]
[Date "2024.02.23"]
[Round "4.5"]
[White "Murshed, Niaz"]
[Black "Siddharth, Jagadeesh"]
[Result "1/2-1/2"]
[ECO "E81"]
[WhiteElo "2363"]
[BlackElo "2457"]
[Annotator "RC"]
[PlyCount "54"]
[EventDate "2024.02.21"]
[EventType "tourn"]
[EventCountry "BAN"]
[SourceTitle "playchess.com"]
[Source "ChessBase"]
[SourceQuality "1"]
[TimeControl "5400+30"]

1. d4 Nf6 2. c4 g6 3. Nc3 Bg7 4. e4 d6 5. Bd3 O-O 6. Nge2 Nc6 7. f3 Nd7 8. Be3 e5 9. d5 Nd4 10. Nb5 Nxe2 11. Qxe2 a6 12. Nc3 c5 13. O-O f5 14. exf5 gxf5 15. Qc2 e4 16. fxe4 Ne5 17. exf5 Qh4 18. Rf4 Ng4 19. h3 Nxe3 20. Rxh4 Nxc2 21. Bxc2 Bxf5 22. Bxf5 Rxf5 23. Re1 Bd4+ 24. Kh2 Be5+ 25. Kg1 Bd4+ 26. Kh2 Be5+ 27. Kg1 Bd4+ 1/2-1/2

[Event "Elegant Academy GM Aspirant-II"]
[Site "Dhaka"]
[Date "2024.02.24"]
[Round "5.1"]
[White "Siddharth, Jagadeesh"]
[Black "Aradhya, Garg"]
[Result "1/2-1/2"]
[ECO "C26"]
[WhiteElo "2457"]
[BlackElo "2390"]
[Annotator "TA"]
[PlyCount "61"]
[EventDate "2024.02.21"]
[EventType "tourn"]
[EventCountry "BAN"]
[SourceTitle "playchess.com"]
[Source "ChessBase"]
[SourceQuality "1"]
[TimeControl "5400+30"]

1. e4 e5 2. Nc3 Nf6 3. g3 d5 4. exd5 c6 5. Nge2 Bc5 6. Bg2 cxd5 7. d4 exd4 8. Nxd4 Bg4 {[%emt 0:01:13] Against Qe2+} (8... O-O $5) 9. f3 Bd7 10. O-O O-O 11. Kh1 Bxd4 12. Qxd4 Nc6 13. Qd3 ({White should try} 13. Qd2 $11) 13... Nb4 $15 14. Qd2 Rc8 $1 {[%emt 0:09:00][%cal Od5d4] Hoping for ...d4!} 15. a3 {[%emt 0:00:23] [#]} Nxc2 16. Qxc2 d4 {[%emt 0:00:05] Prevents Be3.} 17. Bg5 dxc3 18. Rad1 Rc7 19. Bf4 Rc6 20. Be5 {[%emt 0:00:30] The position is equal.} cxb2 21. Qxb2 {[%emt 0:14:41][%cal Ob2d2] [#] Qd2! is the strong threat.} Qc8 $1 22. Rc1 Bh3 23. Rxc6 Bxg2+ 24. Kxg2 Qxc6 25. Rc1 Qb6 26. Qxb6 axb6 27. Bxf6 gxf6 28. Rb1 Ra8 29. Rxb6 Rxa3 30. Rxb7 Kg7 31. Rb2 {[%emt 0:00:04] Weighted Error Value: White=0.08 (flawless) /Black=0.09 (flawless) .  Mistake:       	White=1     	---        Inaccurate:     	White=2     	Black=2      OK:         	White=11    	Black=12     Best:        	---       	Black=1      Strong:       	---       	Black=2      Brilliant:      	---       	Black=1} 1/2-1/2

[Event "Elegant Academy GM Aspirant-II"]
[Site "Dhaka"]
[Date "2024.02.24"]
[Round "5.3"]
[White "Panesar Vedant"]
[Black "Liyanage, Ranindu Dilshan"]
[Result "1-0"]
[ECO "C55"]
[WhiteElo "2452"]
[BlackElo "2366"]
[Annotator "RC"]
[PlyCount "113"]
[EventDate "2024.02.21"]
[EventType "tourn"]
[EventCountry "BAN"]
[SourceTitle "playchess.com"]
[Source "ChessBase"]
[SourceQuality "1"]
[TimeControl "5400+30"]

1. e4 e5 2. Nf3 Nc6 3. Bc4 Nf6 4. d3 Be7 5. O-O O-O 6. Re1 d6 7. a4 Be6 8. Bxe6 fxe6 9. a5 a6 10. Nbd2 h6 11. c3 Qd7 12. Nc4 Rad8 13. Qe2 Qe8 14. Bd2 Qh5 15. h3 Rf7 16. Rad1 Rdf8 17. Nh2 Qxe2 18. Rxe2 Nd7 19. b4 d5 20. Ne3 Nf6 21. Nc2 Rd8 22. Nf3 Bd6 23. Rb1 b5 24. axb6 cxb6 25. c4 d4 26. Ree1 b5 27. Na3 Rb7 28. Rec1 Rc8 29. Rc2 Na7 30. c5 Bc7 31. Ra2 Nc6 32. Nc2 Ra7 33. Be1 Nd7 34. Na3 Rb8 35. Kf1 Kf7 36. Ke2 Ke7 37. Raa1 Kf7 38. Bd2 Nf8 39. Ne1 Nd7 40. Nec2 Rab7 41. Rb2 a5 42. Rab1 Kf6 43. h4 Bd8 44. g3 Kg6 45. f4 exf4 46. gxf4 e5 47. fxe5 axb4 48. Nxb4 Rc8 49. h5+ Kxh5 50. Nd5 g5 51. e6 Nxc5 52. Rc2 Nxe6 53. Rbc1 b4 54. Nb1 Ra8 55. Rxc6 Nf8 56. Rh1+ Kg4 57. Rcc1 1-0

[Event "Elegant Academy GM Aspirant-II"]
[Site "Dhaka"]
[Date "2024.02.24"]
[Round "5.4"]
[White "Setyaki, Azarya Jodi"]
[Black "Rahman, Ziaur"]
[Result "1/2-1/2"]
[ECO "B32"]
[WhiteElo "2400"]
[BlackElo "2428"]
[Annotator "TA"]
[PlyCount "69"]
[EventDate "2024.02.21"]
[EventType "tourn"]
[EventCountry "BAN"]
[SourceTitle "playchess.com"]
[Source "ChessBase"]
[SourceQuality "1"]
[TimeControl "5400+30"]

1. e4 c5 2. Nf3 Nc6 3. d4 cxd4 4. Nxd4 e5 5. Nb5 d6 6. N1c3 a6 7. Na3 Be7 8. Nc4 b5 9. Ne3 Nf6 10. Bd3 O-O {[%emt 0:00:07] White has an edge.} 11. O-O Nb4 12. Be2 Be6 13. Ncd5 ({White should try} 13. a3 $14 Nc6 14. Ned5) 13... Nbxd5 $11 14. exd5 Bd7 15. f4 (15. c4 $11 Ne4 16. Qc2) 15... exf4 16. Rxf4 g6 17. Qd3 Be8 18. c4 Qb6 19. Kh1 Nd7 20. cxb5 Ne5 21. Qb3 axb5 22. Rb4 f5 23. Nc2 Qf2 24. Qe3 Qxe3 25. Bxe3 Ra4 26. Bd2 (26. Bxb5 $2 {is the wrong capture.} Rxb4 27. Nxb4 Bxb5 $19) 26... Bd7 27. Nd4 Rfa8 28. a3 Nc4 (28... Rc8 $11) 29. Rxa4 $1 $16 Rxa4 {[%emt 0:00:40] [#]} 30. b3 $1 Rxa3 31. Rxa3 Nxa3 {[%emt 0:00:03] [#]} 32. Bb4 {[%emt 0:00:09] White is more active.} (32. Nc6 $1 $16 Bh4 33. Bb4) 32... Bf6 $11 {[%emt 0:01:00] The position is equal.} 33. Nc6 Nc2 34. Bxd6 Nd4 35. Nxd4 {[%emt 0:00:20] Weighted Error Value: White=0.13 (very precise) /Black=0.10 (very precise) .  Mistake:       	White=3     	Black=1      Inaccurate:     	White=1     	Black=3      OK:         	White=12    	Black=12     Best:        	White=1     	Black=1      Strong:       	White=2     	---} 1/2-1/2

[Event "Elegant Academy GM Aspirant-II"]
[Site "Dhaka"]
[Date "2024.02.24"]
[Round "5.5"]
[White "Mayank Chakraborty"]
[Black "Mohammad Fahad, Rahman"]
[Result "1/2-1/2"]
[ECO "D13"]
[WhiteElo "2409"]
[BlackElo "2418"]
[Annotator "RC"]
[PlyCount "60"]
[EventDate "2024.02.21"]
[EventType "tourn"]
[EventCountry "BAN"]
[SourceTitle "playchess.com"]
[Source "ChessBase"]
[SourceQuality "1"]
[TimeControl "5400+30"]

1. d4 d5 2. c4 c6 3. cxd5 cxd5 4. Nc3 Nc6 5. Bf4 Nf6 6. e3 a6 7. Be2 Bf5 8. Nf3 e6 9. O-O Bd6 10. Bxd6 Qxd6 11. Rc1 O-O 12. Na4 Bg4 13. a3 Bxf3 14. Bxf3 Nd7 15. Be2 Rfc8 16. Bd3 Rc7 17. Nc5 Nxc5 18. dxc5 Qe7 19. b4 e5 20. e4 dxe4 21. Bxe4 Rd8 22. Qb3 Nd4 23. Qa2 Qh4 24. Bd5 Rcd7 25. Bc4 Qg5 26. Kh1 g6 27. Rce1 Qf5 28. Qb2 Nf3 29. Rc1 Nd4 30. Rc3 h5 1/2-1/2

[Event "Elegant Academy GM Aspirant-II"]
[Site "Dhaka"]
[Date "2024.02.25"]
[Round "6.1"]
[White "Aradhya, Garg"]
[Black "Mohammad Fahad, Rahman"]
[Result "1/2-1/2"]
[ECO "D46"]
[WhiteElo "2390"]
[BlackElo "2418"]
[Annotator "TA"]
[PlyCount "69"]
[EventDate "2024.02.21"]
[EventType "tourn"]
[EventCountry "BAN"]
[SourceTitle "playchess.com"]
[Source "ChessBase"]
[SourceQuality "1"]
[TimeControl "5400+30"]

1. d4 d5 2. c4 e6 3. Nf3 Nf6 4. Nc3 c6 5. e3 Nbd7 6. Qc2 Bd6 7. Bd3 O-O 8. O-O dxc4 9. Bxc4 a6 10. a4 c5 11. a5 cxd4 12. exd4 b5 {[%emt 0:00:19] Black is slightly better.} 13. axb6 Nxb6 14. Bd3 Bb7 15. Qe2 a5 16. Bg5 Nbd5 17. Ne5 Be7 (17... h6 $5 18. Nxd5 hxg5 19. Nxf6+ Qxf6 $15) 18. Rfd1 (18. Qf3 {looks sharper.} Nd7 19. Qh3 f5 20. Bxe7 Qxe7 21. Qg3) 18... h6 19. Bxf6 Nxf6 (19... Bxf6 $2 {loses.} 20. Qe4 g6 21. Nxg6 $16) 20. Bc4 Bb4 21. d5 {[%emt 0:11:44] The position is equal.} exd5 22. Nxd5 Nxd5 23. Qf3 Qc7 24. Bxd5 Qxe5 25. Bxb7 Rad8 26. b3 Rd6 27. Rac1 (27. Bd5 {feels hotter.} Rf6 28. Qe4 Qb2 29. f4) 27... Bd2 28. Rc6 Rfd8 29. Rxd6 Rxd6 30. g3 g6 31. Qe4 Qb5 32. Qc2 $1 Qxb7 33. Rxd2 Rxd2 34. Qxd2 Qxb3 35. Qxa5 {[%emt 0:00:17] An interesting draw.   Weighted Error Value: White=0.05 (flawless) /Black=0.04 (flawless) .  Inaccurate:     	White=2     	---        OK:         	White=13    	Black=9      Best:        	White=1     	---        Strong:       	White=1     	---} 1/2-1/2

[Event "Elegant Academy GM Aspirant-II"]
[Site "Dhaka"]
[Date "2024.02.25"]
[Round "6.2"]
[White "Rahman, Ziaur"]
[Black "Mayank Chakraborty"]
[Result "1-0"]
[ECO "D02"]
[WhiteElo "2428"]
[BlackElo "2409"]
[Annotator "RC"]
[PlyCount "101"]
[EventDate "2024.02.21"]
[EventType "tourn"]
[EventCountry "BAN"]
[SourceTitle "playchess.com"]
[Source "ChessBase"]
[SourceQuality "1"]
[TimeControl "5400+30"]

1. Nf3 d5 2. g3 Nd7 3. d4 Nb6 4. Nc3 Nf6 5. Bg2 g6 6. O-O Bg7 7. a4 a5 8. Bf4 O-O 9. Ne5 Ng4 10. e4 Nxe5 11. dxe5 d4 12. Nb5 Nc4 13. e6 c6 14. Bc7 Qe8 15. Nxd4 Nxb2 16. Qd2 c5 17. e5 cxd4 18. Qxd4 Bxe6 19. Qxb2 Qc8 20. Bb6 Bh3 21. Bxh3 Qxh3 22. Bd4 Qc8 23. c3 Qc7 24. Qb5 h5 25. Rfb1 Rab8 26. Qe2 Rfc8 27. Rb5 e6 28. Rab1 Re8 29. Qf3 Qc4 30. Rxa5 Re7 31. Rb4 Qa2 32. Rab5 Bf8 33. a5 Rd7 34. Rb2 Qa4 35. Kg2 Kg7 36. Qe2 Rc8 37. Rxb7 Bc5 38. Rxd7 Qxd7 39. Qe4 Bxd4 40. cxd4 Qa4 41. Qb7 Rc1 42. Qf3 Rc8 43. Rb7 Rf8 44. d5 Qxa5 45. dxe6 Qxe5 46. Rxf7+ Rxf7 47. Qxf7+ Kh6 48. h4 Qe4+ 49. Kh2 g5 50. e7 gxh4 51. Qf4+ 1-0

[Event "Elegant Academy GM Aspirant-II"]
[Site "Dhaka"]
[Date "2024.02.25"]
[Round "6.3"]
[White "Liyanage, Ranindu Dilshan"]
[Black "Setyaki, Azarya Jodi"]
[Result "1/2-1/2"]
[ECO "D70"]
[WhiteElo "2366"]
[BlackElo "2400"]
[Annotator "RC"]
[PlyCount "60"]
[EventDate "2024.02.21"]
[EventType "tourn"]
[EventCountry "BAN"]
[SourceTitle "playchess.com"]
[Source "ChessBase"]
[SourceQuality "1"]
[TimeControl "5400+30"]

1. Nf3 d5 2. e3 g6 3. c4 Nf6 4. d4 Bg7 5. cxd5 Nxd5 6. e4 Nb6 7. h3 c5 8. d5 e6 9. a4 exd5 10. a5 Nc4 11. exd5 Qe7+ 12. Qe2 b5 13. Nc3 Qxe2+ 14. Bxe2 Bxc3+ 15. bxc3 Bb7 16. Rb1 Bxd5 17. Rxb5 Nd7 18. O-O a6 19. Rb1 Nxa5 20. Bh6 f6 21. Rfd1 Bc4 22. Bxc4 Nxc4 23. Rb7 O-O-O 24. Ra7 Ndb6 25. Rb1 Rd7 26. Rxa6 Kb7 27. Ra2 Rhd8 28. Re2 Rd1+ 29. Rxd1 Rxd1+ 30. Kh2 Kc6 1/2-1/2

[Event "Elegant Academy GM Aspirant-II"]
[Site "Dhaka"]
[Date "2024.02.25"]
[Round "6.4"]
[White "Murshed, Niaz"]
[Black "Panesar Vedant"]
[Result "0-1"]
[ECO "E03"]
[WhiteElo "2363"]
[BlackElo "2452"]
[Annotator "TA"]
[PlyCount "70"]
[EventDate "2024.02.21"]
[EventType "tourn"]
[EventCountry "BAN"]
[SourceTitle "playchess.com"]
[Source "ChessBase"]
[SourceQuality "1"]
[TimeControl "5400+30"]

1. d4 Nf6 2. Nf3 d5 3. c4 e6 4. g3 Nbd7 5. Bg2 dxc4 6. Qa4 a6 7. Qxc4 b5 8. Qc2 Bb7 9. Bg5 c5 10. O-O Rc8 11. Qd1 Qb6 12. Nc3 c4 ({Better is} 12... cxd4 $17 13. Qxd4 Bc5) 13. a3 $11 Be7 14. Ne5 Bxg2 (14... Rd8 {simplifies} 15. Nxd7 Rxd7 16. e3 O-O) 15. Kxg2 Nxe5 16. dxe5 Rd8 17. Qc2 Qb7+ 18. e4 {[%emt 0:02:38] [#]} (18. Kg1 $11 {keeps the balance.} Nd5 19. Bxe7 Qxe7 20. a4) 18... Nd5 19. Bxe7 Nxe7 20. Rad1 O-O 21. Rxd8 Rxd8 22. Rd1 Qb8 23. Rxd8+ Qxd8 24. Qd1 Qxd1 25. Nxd1 $17 {[%emt 0:00:04][%cal Oa3a4][%mdl 4096] Endgame. KN-KN} Nc6 26. f4 {[%emt 0:00:09] [#]} Kf8 $1 27. Kf2 Ke7 28. Ke3 Kd7 29. h4 ({White should try} 29. Nf2) 29... Kc7 30. h5 (30. Nf2 $17 {was worth a try.}) 30... Kb6 $19 31. Nf2 (31. Nc3 $142) 31... b4 32. axb4 (32. Kd2 $142 Kc5 33. axb4+ Kxb4 34. Nh3) 32... Kb5 $1 33. Ng4 (33. Kd2 $142 Kxb4 34. g4) 33... Kxb4 {[%emt 0:00:35] White must now prevent ...Kb3. Black is clearly winning.} 34. Kd2 Kb3 35. Kc1 Nb4 {[%emt 0:07:12] Weighted Error Value: White=0.37/Black=0.19 (very precise) .  Mistake:       	White=6     	Black=2      Inaccurate:     	White=3     	---        OK:         	White=2     	Black=8      Best:        	White=1     	Black=2      Strong:       	---       	Black=2} 0-1